[Event "FIDE Open Sachove Univerzity QCC"]
[Site "Ceske Budejovice"]
[Date "2020.07.04"]
[Round "4.3"]
[White "Svetly, Jiri"]
[Black "Dusanek, Michal"]
[Result "1-0"]
[ECO "D85"]
[WhiteElo "1835"]
[BlackElo "1500"]
[Annotator "NA"]
[PlyCount "49"]
[EventDate "2020.07.01"]
[EventType "swiss"]
[EventCountry "CZE"]
[SourceTitle "playchess.com"]
[Source "ChessBase"]
[SourceQuality "1"]
[TimeControl "40/5400+30:1800+30"]

1. d4 Nf6 2. c4 g6 3. Nc3 d5 4. cxd5 Nxd5 5. Bd2 Nxc3 6. Bxc3 Bg7 7. e4 c5 8. d5 Bxc3+ {[%emt 0:03:48] D85: Exchange Grünfeld: Unusual White 7th moves and lines with 7 Nf3.} 9. bxc3 O-O 10. c4 {[%emt 0:04:23] [#]} a6 $146 ({Predecessor:} 10... e6 11. Be2 exd5 12. exd5 Re8 13. Rb1 Qg5 14. Kf1 b6 15. h4 Qf6 16. h5 g5 {½-½ (41) Skorohodov,I (2260)-Ovechkin,I (2334) Dubna 2001}) 11. Qd2 Qd6 12. Bd3 Rd8 13. f4 e5 14. Ne2 Nc6 15. O-O Bg4 16. Ng3 Bc8 17. f5 Nd4 18. fxg6 fxg6 $2 {[%emt 0:03:22] [#]} (18... Qxg6 19. Ne2 Bg4) 19. Qg5 $18 Rf8 20. Rxf8+ Kxf8 21. Rf1+ Kg8 22. Rf6 Qc7 23. Nh5 b5 24. d6 Qd7 25. Rxg6+ 1-0

[Event "FIDE Open Sachove Univerzity QCC"]
[Site "Ceske Budejovice"]
[Date "2020.07.04"]
[Round "4.4"]
[White "Simacek, Vaclav"]
[Black "Veverka, Vladimir"]
[Result "1-0"]
[ECO "C02"]
[WhiteElo "1816"]
[BlackElo "1644"]
[Annotator "NA"]
[PlyCount "97"]
[EventDate "2020.07.01"]
[EventType "swiss"]
[EventCountry "CZE"]
[SourceTitle "playchess.com"]
[Source "ChessBase"]
[SourceQuality "1"]
[TimeControl "40/5400+30:1800+30"]

1. e4 e6 2. d4 d5 3. e5 c5 4. Nf3 Nc6 5. Bb5 Qb6 6. a4 {[%emt 0:00:32] C02: French: Advance Variation.} a6 7. Bxc6+ bxc6 8. O-O cxd4 9. Nxd4 c5 {[%emt 0:00:41] [#]} 10. a5 $146 ({Predecessor:} 10. Nf3 Ne7 11. Nc3 Bb7 12. Ne2 Ng6 13. Ra3 Qc7 14. Nf4 Nxe5 15. Ng5 h6 16. Ngxe6 fxe6 17. Nxe6 {0-1 (30) Hyde,K (1404)-Groffen,H (2224) IECG email 2000}) 10... Qc7 11. Nf3 Bb7 12. c3 g6 13. Be3 Bg7 14. b4 d4 15. cxd4 cxd4 16. Bxd4 Rd8 17. Qa4+ Bc6 18. Bb6 Bxa4 19. Bxc7 Rd7 20. Bd6 Rxd6 21. Nc3 Rd5 22. Rxa4 Rd3 23. Ne4 Rd5 24. Nc5 Bxe5 25. Nxe5 Rxe5 26. Nxa6 Ne7 27. Nc5 Nc6 28. a6 Ke7 29. f4 Rd5 30. Rc1 Na7 31. Ne4 f5 32. Rc7+ Rd7 33. Rxd7+ Kxd7 34. Nc5+ Kc6 35. Nxe6 Kb5 36. Ra5+ Kxb4 37. Rd5 Re8 38. Ng5 h6 39. Nf7 Re6 $18 40. Nxh6 Rxa6 41. Nf7 Kc4 42. Rd1 Nb5 43. Ne5+ Kc5 44. Rd2 Nc3 45. h3 Nd5 46. g3 Re6 47. Kf2 g5 48. Rc2+ Kb5 49. Nd3 1-0

[Event "FIDE Open Sachove Univerzity QCC"]
[Site "Ceske Budejovice"]
[Date "2020.07.04"]
[Round "4.4"]
[White "Gorej, Vojtech"]
[Black "Berkovec, Jakub"]
[Result "1-0"]
[ECO "B77"]
[WhiteElo "1395"]
[BlackElo "1224"]
[Annotator "NA"]
[PlyCount "132"]
[EventDate "2020.07.01"]
[EventType "swiss"]
[EventCountry "CZE"]
[SourceTitle "playchess.com"]
[Source "ChessBase"]
[SourceQuality "1"]
[TimeControl "40/5400+30:1800+30"]

1. e4 c5 2. Nf3 d6 3. d4 cxd4 4. Nxd4 Nf6 5. Nc3 g6 6. Be3 Bg7 7. Bc4 O-O 8. f3 Nc6 9. Qd2 Nd7 10. O-O-O Nb6 11. Bb3 Na5 12. Qe2 Bd7 13. g4 Rc8 14. h4 Nac4 15. h5 Nxe3 16. Qxe3 Nc4 17. Bxc4 Rxc4 18. hxg6 hxg6 19. Nde2 Qb6 20. Qxb6 axb6 21. Nd5 Re8 22. Nxb6 Rc7 23. Nxd7 Rxd7 24. Rd3 Rc8 25. Ra3 Rdc7 26. c3 Kf8 27. Kd2 Ke8 28. Rh7 Kf8 29. Ra7 Kg8 30. Rh1 Kf8 31. Nf4 e6 32. Nd3 Ke7 33. Nb4 Rh8 34. Rxh8 Bxh8 35. Nc2 Be5 36. Kd3 Kd7 37. Na3 Ke7 38. Nc4 Kd7 39. Na5 b6 40. Rxc7+ Kxc7 41. Nc4 Bf6 42. Ne3 Kc6 43. Kc4 Bg5 44. Nc2 b5+ 45. Kd3 Bc1 46. Nd4+ Kb6 47. b3 Ba3 48. Ne2 Bc5 49. Nd4 Ba3 50. b4 Bc1 51. c4 bxc4+ 52. Kxc4 Bg5 53. a4 Bd8 54. a5+ Kb7 55. Kb5 Bc7 56. a6+ Ka8 57. Kc6 Bb8 58. Nb5 d5 59. Nc7+ Bxc7 60. Kxc7 d4 61. b5 Ka7 62. b6+ Kxa6 63. b7 d3 64. b8=Q Ka5 65. Kc6 Ka4 66. Kc5 g5 1-0

[Event "FIDE Open Sachove Univerzity QCC"]
[Site "Ceske Budejovice"]
[Date "2020.07.10"]
[Round "4.5"]
[White "Straka, Zdenek"]
[Black "Matlocha, Lubomir"]
[Result "1/2-1/2"]
[ECO "D02"]
[WhiteElo "1812"]
[BlackElo "1646"]
[Annotator "NA RC"]
[PlyCount "88"]
[EventDate "2020.07.01"]
[EventType "swiss"]
[EventCountry "CZE"]
[TimeControl "40/5400+30:1800+30"]

1. d4 d5 2. Bf4 e6 3. e3 Nc6 4. Nf3 Bd6 5. Bg3 Bxg3 6. hxg3 Qe7 7. c3 Bd7 8. Nbd2 a6 9. Qc2 h6 10. O-O-O Nf6 11. Bd3 O-O-O 12. Kb1 e5 13. Nxe5 Nxe5 14. dxe5 Qxe5 15. Nb3 Ba4 16. Qe2 Rd6 17. Rc1 Bxb3 18. axb3 Rb6 19. Qc2 Kb8 20. Rh4 c5 21. Rf4 Rd8 22. Rd1 Qe7 23. Ka1 Rbd6 24. b4 c4 25. Be2 g5 26. Rfd4 b5 27. Bf3 Qe6 28. Qe2 Ne4 29. Bxe4 dxe4 30. Rxd6 Rxd6 31. Rd4 Rxd4 32. exd4 f5 33. Kb1 Kc7 34. Kc2 Kd6 35. Qe3 Kd5 36. Kd2 Qd6 37. Ke2 Qg6 38. Kf1 Qh5 39. f3 Qh1+ 40. Kf2 Qb1 41. Qd2 exf3 42. gxf3 Qh1 43. Qe1 Qh2+ 44. Kf1 Qh1+ 1/2-1/2

[Event "FIDE Open Sachove Univerzity QCC"]
[Site "Ceske Budejovice"]
[Date "2020.07.04"]
[Round "4.5"]
[White "Rolinkova, Adela"]
[Black "Day, Sophia Olivia"]
[Result "1-0"]
[ECO "C68"]
[WhiteElo "1360"]
[BlackElo "1099"]
[Annotator "NA"]
[PlyCount "105"]
[EventDate "2020.07.01"]
[EventType "swiss"]
[EventCountry "CZE"]
[SourceTitle "playchess.com"]
[Source "ChessBase"]
[SourceQuality "1"]
[TimeControl "40/5400+30:1800+30"]

1. e4 e5 2. Nf3 Nc6 3. Bb5 a6 4. Bxc6 dxc6 5. Nc3 Bd6 6. O-O Nf6 7. d3 Bg4 8. h3 Bh5 9. Re1 Qd7 10. Be3 O-O-O 11. Qe2 h6 12. Kf1 g5 13. Red1 c5 14. a3 g4 15. hxg4 Bxg4 16. Ke1 h5 17. Bg5 Qe6 18. Bh4 Rdg8 19. Kd2 Bxf3 20. Qxf3 Rg4 21. Qxf6 Qxf6 22. Bxf6 Rh6 23. Bxe5 Bxe5 24. g3 h4 25. gxh4 Rhxh4 26. Rg1 Rf4 27. Rg2 Rhg4 28. Rxg4 Rxg4 29. Rf1 Rg2 30. Kd1 Bd4 31. f4 Be3 32. Ne2 b5 33. c3 Kb7 34. b4 Kb6 35. d4 cxd4 36. cxd4 a5 37. e5 Kc6 38. Rf3 Bf2 39. Kd2 Kd5 40. Kd3 a4 41. f5 Rh2 42. Nc3+ Kc6 43. d5+ Kb6 44. e6 fxe6 45. dxe6 Kc6 46. e7 Kd7 47. f6 Be1 48. f7 Rd2+ 49. Ke3 Kxe7 50. f8=Q+ Kd7 51. Rf7+ Kc6 52. Qc5+ Kb7 53. Qxc7+ 1-0

[Event "FIDE Open Sachove Univerzity QCC"]
[Site "Ceske Budejovice"]
[Date "2020.07.04"]
[Round "4.6"]
[White "Vavrousek, Petr"]
[Black "Petkov, Andon"]
[Result "0-1"]
[ECO "B00"]
[WhiteElo "1605"]
[BlackElo "1776"]
[Annotator "NA"]
[PlyCount "42"]
[EventDate "2020.07.01"]
[EventType "swiss"]
[EventCountry "CZE"]
[SourceTitle "playchess.com"]
[Source "ChessBase"]
[SourceQuality "1"]
[TimeControl "40/5400+30:1800+30"]

1. e4 b6 2. Nc3 Bb7 3. d4 e6 4. Nf3 Bb4 5. Bd3 Nf6 6. Qe2 d5 7. e5 Ne4 8. Bxe4 Bxc3+ 9. bxc3 dxe4 10. Ng5 Qd5 11. Be3 Ba6 12. Qg4 Bb7 13. O-O Nd7 14. Nh3 O-O-O 15. Nf4 Qc4 16. Ne2 Rhg8 17. Rfb1 a5 18. Bd2 f5 19. exf6 Nxf6 20. Qf4 Qxe2 21. a4 Nd5 0-1

[Event "FIDE Open Sachove Univerzity QCC"]
[Site "Ceske Budejovice"]
[Date "2020.07.04"]
[Round "4.7"]
[White "Huemer, Gerald"]
[Black "Janouskova, Adela"]
[Result "0-1"]
[ECO "D00"]
[WhiteElo "1721"]
[BlackElo "1377"]
[Annotator "NA"]
[PlyCount "90"]
[EventDate "2020.07.01"]
[EventType "swiss"]
[EventCountry "CZE"]
[SourceTitle "playchess.com"]
[Source "ChessBase"]
[SourceQuality "1"]
[TimeControl "40/5400+30:1800+30"]

1. d4 d5 2. Bf4 Nf6 3. e3 g6 4. h3 Bg7 5. Nd2 O-O 6. Be2 b6 7. Ngf3 c5 8. c3 Bb7 9. Ne5 Nc6 10. Ndf3 Nd7 11. O-O Ndxe5 12. Nxe5 f6 13. Nxc6 Bxc6 14. Bh2 e5 15. dxe5 fxe5 16. f4 e4 17. g4 Qd7 18. Kg2 Rad8 19. Qe1 Bb7 20. Rd1 Qe6 21. b3 Kh8 22. Bg1 Bc8 23. c4 d4 24. exd4 cxd4 25. f5 gxf5 26. gxf5 Qe7 27. Bg4 Rg8 28. Rf4 Be5 29. Rxe4 Bb7 30. Kf3 Bxe4+ 31. Qxe4 Qg7 32. Bf2 h5 33. Rg1 hxg4+ 34. Rxg4 Qc7 35. Rh4+ Kg7 36. f6+ Kf8 37. Rh7 Qd6 38. f7 Rh8 39. Bh4 Rc8 40. Rxh8+ Bxh8 41. Qh7 Qc6+ 42. Kf2 Bf6 43. Qg8+ Ke7 44. Bxf6+ Qxf6+ 45. Kg3 Rf8 0-1

[Event "FIDE Open Sachove Univerzity QCC"]
[Site "Ceske Budejovice"]
[Date "2020.07.04"]
[Round "4.8"]
[White "Popov, Roman"]
[Black "Molnar, Ladislav"]
[Result "1-0"]
[ECO "A32"]
[WhiteElo "2353"]
[BlackElo "1712"]
[Annotator "RC"]
[PlyCount "49"]
[EventDate "2020.07.01"]
[EventType "swiss"]
[EventCountry "CZE"]
[SourceTitle "playchess.com"]
[Source "ChessBase"]
[SourceQuality "1"]
[TimeControl "40/5400+30:1800+30"]

1. d4 Nf6 2. c4 e6 3. g3 c5 4. Nf3 cxd4 5. Nxd4 Bb4+ 6. Bd2 Bxd2+ 7. Qxd2 d5 8. Bg2 O-O 9. O-O dxc4 10. Rd1 Nbd7 11. Na3 Nb6 12. Qc2 Qc7 13. Rac1 Rd8 14. Ndb5 Rxd1+ 15. Rxd1 Qe7 16. Nxc4 Ne8 17. Qd3 Nxc4 18. Qxc4 a6 19. Nc3 Rb8 20. Qd4 b5 21. Qd8 Kf8 22. Bc6 f6 23. Ne4 Kf7 24. Bxe8+ Kf8 25. Bxb5+ 1-0

[Event "FIDE Open Sachove Univerzity QCC"]
[Site "Ceske Budejovice"]
[Date "2020.07.04"]
[Round "4.8"]
[White "Motejzik, Jaroslav"]
[Black "Stavova, Marketa"]
[Result "0-1"]
[ECO "D02"]
[WhiteElo "1396"]
[BlackElo "1219"]
[Annotator "NA"]
[PlyCount "75"]
[EventDate "2020.07.01"]
[EventType "swiss"]
[EventCountry "CZE"]
[SourceTitle "playchess.com"]
[Source "ChessBase"]
[SourceQuality "1"]
[TimeControl "40/5400+30:1800+30"]

1. d4 d5 2. Nf3 g6 3. c3 Nf6 4. e3 Bg7 5. Bd3 O-O 6. Nbd2 b6 7. O-O c5 8. Re1 Bb7 9. e4 dxe4 10. Nxe4 Nc6 11. dxc5 Nxe4 12. Bxe4 bxc5 13. Be3 Qa5 14. Qd7 Rab8 15. Bxc6 Rfd8 16. Qxe7 Bxc6 17. Qxc5 Qxc5 18. Bxc5 Rxb2 19. Nd4 Ba4 20. Bxa7 Ra8 21. Re7 Rc8 22. h3 Bf8 23. Re2 Rb7 24. Nc6 Bxc6 25. Bd4 Bd6 26. a4 Rcb8 27. Ree1 Ra8 28. a5 Bb5 29. g3 h5 30. Rec1 Ba6 31. Re1 Rbb8 32. Rec1 Bc7 33. f4 Bc8 34. h4 Bxa5 35. Be5 Rb7 36. Ra3 Bb6+ 37. Bd4 Ba5 38. Raa1 0-1

[Event "FIDE Open Sachove Univerzity QCC"]
[Site "Ceske Budejovice"]
[Date "2020.07.09"]
[Round "4.9"]
[White "Barta, David"]
[Black "Chval, Petr"]
[Result "0-1"]
[ECO "A81"]
[WhiteElo "1541"]
[BlackElo "1926"]
[Annotator "ChessBase"]
[PlyCount "98"]
[EventDate "2020.07.01"]
[EventType "swiss"]
[EventCountry "CZE"]
[TimeControl "40/5400+30:1800+30"]

1. d4 d5 2. Nf3 e6 3. g3 f5 4. Bg2 Nf6 5. Nbd2 Be7 6. Ne5 O-O 7. O-O Nbd7 8. Ndf3 Ne4 9. c4 c6 10. Qb3 Ndf6 11. Ng5 Qe8 12. f3 Nxg5 13. Bxg5 Qh5 14. Bd2 Bd6 15. Bb4 Bxb4 16. Qxb4 Qg5 17. Rf2 f4 18. Qd2 Nd7 19. gxf4 Qxf4 20. Qxf4 Rxf4 21. e3 Rh4 22. f4 Nf6 23. c5 Bd7 24. Raf1 Be8 25. f5 exf5 26. Rxf5 Bg6 27. Nxg6 hxg6 28. R5f4 Rxf4 29. Rxf4 Re8 30. Kf2 g5 31. Rf5 Ng4+ 32. Kf3 Nxe3 33. Rxg5 Nc2 34. Rg4 Ne1+ 35. Kf4 Re2 36. Bh3 Rxh2 37. Rg3 Rxb2 38. Ke5 Rxa2 39. Be6+ Kf8 40. Kd6 Rf2 41. Rh3 g5 42. Rh8+ Kg7 43. Rg8+ Kh6 44. Rh8+ Kg6 45. Rg8+ Kh7 46. Ke7 Nc2 47. Bf7 Nxd4 48. Rxg5 Nf5+ 49. Kf8 Nh6 0-1

[Event "FIDE Open Sachove Univerzity QCC"]
[Site "Ceske Budejovice"]
[Date "2020.07.04"]
[Round "4.9"]
[White "Krautschneider, Daniel Jan"]
[Black "Postl, Frantisek"]
[Result "1-0"]
[ECO "B34"]
[WhiteElo "1374"]
[BlackElo "1188"]
[Annotator "NA"]
[PlyCount "49"]
[EventDate "2020.07.01"]
[EventType "swiss"]
[EventCountry "CZE"]
[SourceTitle "playchess.com"]
[Source "ChessBase"]
[SourceQuality "1"]
[TimeControl "40/5400+30:1800+30"]

1. e4 c5 2. Nf3 Nc6 3. d4 cxd4 4. Nxd4 Nf6 5. Nc3 e5 6. Nxc6 bxc6 7. Bc4 Bb4 8. Bd2 Bxc3 9. Bxc3 Nxe4 10. Qf3 d5 11. Bb3 Qe7 12. O-O Ba6 13. Rfe1 O-O 14. Rad1 Rfe8 15. Qe3 f5 16. Kh1 Kh8 17. Qf3 Rf8 18. Kg1 Rf6 19. Ba4 c5 20. Bb3 Bb7 21. Bxd5 Bxd5 22. Rxd5 Ng5 23. Qe3 Ne4 24. Rxe5 Qf7 25. Rxe4 1-0

[Event "FIDE Open Sachove Univerzity QCC"]
[Site "Ceske Budejovice"]
[Date "2020.07.09"]
[Round "4.10"]
[White "Valtr, Filip"]
[Black "Kotleska, Roman"]
[Result "0-1"]
[ECO "B17"]
[WhiteElo "1784"]
[BlackElo "1521"]
[Annotator "NA RC"]
[PlyCount "78"]
[EventDate "2020.07.01"]
[EventType "swiss"]
[EventCountry "CZE"]
[TimeControl "40/5400+30:1800+30"]

1. e4 c6 2. d4 d5 3. Nc3 dxe4 4. Nxe4 Nd7 5. Nf3 Ngf6 6. Nxf6+ Nxf6 7. c3 Bf5 8. Bc4 e6 9. O-O Bd6 10. Re1 O-O 11. h3 Qc7 12. Bg5 Nd5 13. Nh4 Bg6 14. Qg4 Nf4 15. Nxg6 Nxg6 16. h4 Ne7 17. h5 Nf5 18. Bd3 g6 19. hxg6 hxg6 20. Bf6 Ng7 21. Qh4 Nh5 22. Re3 Nxf6 23. Qxf6 Be7 24. Qf3 Kg7 25. Kf1 Rh8 26. Ke2 Rad8 27. g3 c5 28. dxc5 Bxc5 29. Re4 Rh2 30. Rf1 Qb6 31. b4 Bxf2 32. Kd1 f5 33. Re2 Qd6 34. Rd2 Bxg3 35. Rxh2 Bxh2 36. Kc2 Qd5 37. Qh3 Qxa2+ 38. Kc1 Be5 39. Bb1 Qd2# 0-1

[Event "FIDE Open Sachove Univerzity QCC"]
[Site "Ceske Budejovice"]
[Date "2020.07.09"]
[Round "4.11"]
[White "Sobotka, Radim"]
[Black "Kral, Ladislav"]
[Result "1-0"]
[ECO "A22"]
[WhiteElo "1764"]
[BlackElo "1493"]
[Annotator "NA"]
[PlyCount "127"]
[EventDate "2020.07.01"]
[EventType "swiss"]
[EventCountry "CZE"]
[TimeControl "40/5400+30:1800+30"]

1. c4 e5 2. Nc3 Nf6 3. g3 d5 4. cxd5 Nxd5 5. Bg2 Be6 6. d3 c6 7. Nf3 Nxc3 8. bxc3 Nd7 9. O-O Be7 10. Qc2 Bf5 11. Rb1 Rb8 12. e4 Be6 13. Be3 c5 14. Rfd1 O-O 15. d4 cxd4 16. cxd4 exd4 17. Bxd4 b6 18. Qa4 Qc7 19. Rbc1 Qb7 20. Bb2 Nc5 21. Qd4 f6 22. e5 Rfd8 23. Qc3 Rxd1+ 24. Rxd1 Na4 25. Qc2 Nxb2 26. Qxb2 Bd5 27. Qb5 Bc6 28. Qb3+ Kf8 29. e6 Rd8 30. Rxd8+ Bxd8 31. Nh4 Bxg2 32. Nxg2 Be7 33. Qd3 g6 34. Ne3 Qc7 35. Qd5 Qd6 36. g4 Qxd5 37. Nxd5 g5 38. Ne3 b5 39. Kf1 a5 40. Nf5 b4 41. Ke2 a4 42. Kd3 b3 43. axb3 axb3 44. Kc3 b2 45. Kxb2 Bc5 46. f3 Bb4 47. Kb3 Bc5 48. Kc4 Ba3 49. Kd5 Ke8 50. h4 gxh4 51. Nxh4 Bc1 52. Nf5 Ba3 53. Ke4 Bb4 54. Kd5 Ba3 55. Kc6 Bb4 56. Kb5 Ba3 57. Kc4 Kd8 58. Kd3 Bb4 59. Ke4 Bd2 60. f4 Bb4 61. Ne3 Bc5 62. Nd5 Ba3 63. Nxf6 Ke7 64. Kf5 1-0

[Event "FIDE Open Sachove Univerzity QCC"]
[Site "Ceske Budejovice"]
[Date "2020.07.04"]
[Round "4.12"]
[White "Berka, Lubos"]
[Black "Kamleiter, Noah"]
[Result "1/2-1/2"]
[ECO "B25"]
[WhiteElo "1718"]
[BlackElo "1463"]
[Annotator "NA"]
[PlyCount "56"]
[EventDate "2020.07.01"]
[EventType "swiss"]
[EventCountry "CZE"]
[SourceTitle "playchess.com"]
[Source "ChessBase"]
[SourceQuality "1"]
[TimeControl "40/5400+30:1800+30"]

1. e4 c5 2. Nc3 Nc6 3. g3 g6 4. Bg2 Bg7 5. d3 d6 6. Nge2 Rb8 7. a4 a6 8. O-O b5 9. f4 b4 10. Nd5 e6 11. Ne3 Nge7 12. g4 f5 13. exf5 exf5 14. g5 Bb7 15. Nd5 Nxd5 16. Bxd5 Nd4 17. Bxb7 Rxb7 18. Be3 Nxe2+ 19. Qxe2 Re7 20. Rab1 O-O 21. Qf3 Rfe8 22. Bf2 Qd7 23. Rfe1 Rxe1+ 24. Bxe1 Bd4+ 25. Bf2 Bxf2+ 26. Kxf2 Qe6 27. b3 d5 28. Rd1 d4 1/2-1/2

[Event "FIDE Open Sachove Univerzity QCC"]
[Site "Ceske Budejovice"]
[Date "2020.07.04"]
[Round "4.13"]
[White "Macho, Miloslav"]
[Black "Kroulik, Vaclav"]
[Result "1/2-1/2"]
[ECO "A07"]
[WhiteElo "1671"]
[BlackElo "1442"]
[Annotator "NA"]
[PlyCount "64"]
[EventDate "2020.07.01"]
[EventType "swiss"]
[EventCountry "CZE"]
[SourceTitle "playchess.com"]
[Source "ChessBase"]
[SourceQuality "1"]
[TimeControl "40/5400+30:1800+30"]

1. g3 d5 2. Bg2 e5 3. d3 Nf6 4. Nf3 Nbd7 5. O-O Be7 6. b3 O-O 7. Bb2 d4 8. c3 c5 9. Nbd2 Nd5 10. cxd4 cxd4 11. Nxd4 Nb4 12. N4f3 f6 13. a3 Nc6 14. b4 Nb6 15. Qb3+ Kh8 16. Rfc1 Re8 17. Qd1 Be6 18. Ne4 Rc8 19. Nc5 Bxc5 20. Rxc5 Re7 21. Nd2 Rec7 22. Rac1 Nd7 23. R5c3 Nb6 24. Ne4 Nd5 25. Rc4 Nb6 26. Rc5 Bd5 27. b5 Na5 28. Rxc7 Rxc7 29. Rxc7 Qxc7 30. Qc1 Qd8 31. Nd2 Bxg2 32. Kxg2 Qd5+ 1/2-1/2

[Event "FIDE Open Sachove Univerzity QCC"]
[Site "Ceske Budejovice"]
[Date "2020.07.04"]
[Round "4.14"]
[White "Svadlenka, Michal"]
[Black "Kanka, Lukas"]
[Result "1-0"]
[ECO "B02"]
[WhiteElo "1395"]
[BlackElo "1667"]
[Annotator "NA"]
[PlyCount "65"]
[EventDate "2020.07.01"]
[EventType "swiss"]
[EventCountry "CZE"]
[SourceTitle "playchess.com"]
[Source "ChessBase"]
[SourceQuality "1"]
[TimeControl "40/5400+30:1800+30"]

1. e4 Nf6 2. e5 Nd5 3. c4 Nb6 4. Nc3 Nc6 5. c5 Nxe5 6. cxb6 axb6 7. d4 Ng6 8. Nf3 d5 9. h3 e6 10. a3 c5 11. Bb5+ Bd7 12. Bxd7+ Qxd7 13. O-O Bd6 14. Re1 O-O 15. Be3 Rfd8 16. Rc1 Ra6 17. Na2 c4 18. Bg5 f6 19. Be3 b5 20. Bd2 Nf4 21. Bxf4 Bxf4 22. Nb4 Ra4 23. Rc3 Bd6 24. Nc2 Bc7 25. Rce3 Re8 26. Qe2 Kf7 27. Nd2 Qd6 28. Rg3 Ba5 29. Qh5+ Ke7 30. Rxg7+ Kd8 31. Qh6 Qf8 32. Re2 e5 33. dxe5 1-0

[Event "FIDE Open Sachove Univerzity QCC"]
[Site "Ceske Budejovice"]
[Date "2020.07.04"]
[Round "4.15"]
[White "Svadlenka, Dominik"]
[Black "Josko, Jiri"]
[Result "1/2-1/2"]
[ECO "A52"]
[WhiteElo "1350"]
[BlackElo "1649"]
[Annotator "NA"]
[PlyCount "85"]
[EventDate "2020.07.01"]
[EventType "swiss"]
[EventCountry "CZE"]
[SourceTitle "playchess.com"]
[Source "ChessBase"]
[SourceQuality "1"]
[TimeControl "40/5400+30:1800+30"]

1. d4 Nf6 2. c4 e5 3. dxe5 Ng4 4. Nf3 Nc6 5. Bg5 Be7 6. Bxe7 Qxe7 7. Nc3 Ngxe5 8. Nxe5 Nxe5 9. e3 d6 10. Be2 Be6 11. Qb3 O-O 12. O-O c6 13. h3 b5 14. Rac1 Nxc4 15. Qc2 d5 16. Bf3 Ne5 17. Be2 g6 18. e4 d4 19. Nb1 Rad8 20. Qc5 Qxc5 21. Rxc5 d3 22. Bd1 Nc4 23. b3 Nb2 24. Nd2 Nxd1 25. Rxd1 a5 26. Rxc6 a4 27. Rc5 Rb8 28. Rc3 Rfd8 29. Nf3 f5 30. e5 axb3 31. axb3 Ra8 32. Rdxd3 Ra1+ 33. Kh2 Rda8 34. Nd4 b4 35. Rc7 Rd8 36. Rd2 Rb1 37. Rcc2 Bf7 38. e6 Be8 39. Nc6 Rxd2 40. Rxd2 Bxc6 41. Rd8+ Kg7 42. Rc8 Bb5 43. Rb8 1/2-1/2

[Event "FIDE Open Sachove Univerzity QCC"]
[Site "Ceske Budejovice"]
[Date "2020.07.04"]
[Round "4.16"]
[White "Dobsa, Emma"]
[Black "Kaucky, Jaroslav"]
[Result "1-0"]
[ECO "C50"]
[WhiteElo "1345"]
[BlackElo "1573"]
[Annotator "NA"]
[PlyCount "73"]
[EventDate "2020.07.01"]
[EventType "swiss"]
[EventCountry "CZE"]
[SourceTitle "playchess.com"]
[Source "ChessBase"]
[SourceQuality "1"]
[TimeControl "40/5400+30:1800+30"]

1. e4 e5 2. Nf3 Nc6 3. Bc4 Nd4 4. Nxd4 exd4 5. O-O d6 6. d3 Nf6 7. f4 Ng4 8. f5 h5 9. h3 Qh4 10. Rf4 Qg3 11. hxg4 hxg4 12. Rxg4 Qh2+ 13. Kf2 Be7 14. Bf4 Qh7 15. Nd2 g6 16. Nf3 gxf5 17. exf5 Bxf5 18. Rg3 O-O-O 19. Bg5 f6 20. Bf4 d5 21. Bb3 c5 22. Qd2 b6 23. a4 Be6 24. Re1 Qf7 25. Qe2 Kd7 26. a5 b5 27. a6 Rc8 28. c3 c4 29. Nxd4 Bc5 30. dxc4 Bxd4+ 31. cxd4 dxc4 32. Bc2 Rc6 33. Bg6 Qf8 34. Re3 Qe7 35. d5 Qc5 36. dxc6+ Kxc6 37. Kg3 1-0

[Event "FIDE Open Sachove Univerzity QCC"]
[Site "Ceske Budejovice"]
[Date "2020.07.04"]
[Round "4.17"]
[White "Hlavsa, Filip"]
[Black "Havelkova, Beata"]
[Result "1-0"]
[ECO "B25"]
[WhiteElo "1886"]
[BlackElo "1394"]
[Annotator "NA"]
[PlyCount "71"]
[EventDate "2020.07.01"]
[EventType "swiss"]
[EventCountry "CZE"]
[SourceTitle "playchess.com"]
[Source "ChessBase"]
[SourceQuality "1"]
[TimeControl "40/5400+30:1800+30"]

1. e4 c5 2. Nc3 Nc6 3. f4 d6 4. Nf3 e6 5. g3 g6 6. Bg2 Bg7 7. d3 Nge7 8. Be3 Rb8 {[%emt 0:04:17] B25: Closed Sicilian: 3 g3, lines without early Be3.} 9. d4 cxd4 10. Nxd4 a6 11. Qd2 O-O {[%emt 0:03:11] [#]} 12. O-O-O $146 ({Predecessor:} 12. O-O Qc7 13. Kh1 Na5 14. b3 b5 15. Rad1 Rd8 16. Nce2 Nb7 17. Rc1 d5 18. e5 Na5 19. c3 Bb7 20. Bh3 {1-0 (62) Desjardins,M (1935)-Lalumiere,C (1985) Montreal 2011}) 12... d5 13. exd5 exd5 14. Nb3 Bg4 15. Ne2 Re8 16. Rde1 Nf5 ({Better is} 16... a5 $17 17. c3 a4) 17. Bf2 Bxe2 ({Reject} 17... Qf6 18. Nc3 $11) 18. Rxe2 Rxe2 19. Qxe2 d4 20. g4 Nfe7 21. Rd1 $16 Qc7 22. Qe4 f5 23. Qe6+ Kh8 24. Bg3 Nb4 25. Rd2 Rc8 26. Na1 d3 27. Qb3 dxc2 28. Qxb4 Nc6 29. Bxc6 Qxc6 30. Rxc2 Qd7 31. g5 Rd8 32. Qd2 Qe8 33. Qe2 Qa4 34. a3 Re8 35. Qc4 Qd7 36. Nb3 1-0

[Event "FIDE Open Sachove Univerzity QCC"]
[Site "Ceske Budejovice"]
[Date "2020.07.04"]
[Round "4.19"]
[White "Bastyr, Pavel"]
[Black "Valasek, Jakub"]
[Result "1/2-1/2"]
[ECO "D60"]
[WhiteElo "1439"]
[BlackElo "1688"]
[Annotator "NA"]
[PlyCount "53"]
[EventDate "2020.07.01"]
[EventType "swiss"]
[EventCountry "CZE"]
[SourceTitle "playchess.com"]
[Source "ChessBase"]
[SourceQuality "1"]
[TimeControl "40/5400+30:1800+30"]

1. d4 d5 2. c4 e6 3. Nc3 Nf6 4. Bg5 Nbd7 5. e3 Be7 6. Nf3 O-O 7. Bd3 c6 8. O-O dxc4 9. Bxc4 Nd5 10. Bxe7 Qxe7 11. e4 Nxc3 12. bxc3 e5 13. Bd3 exd4 14. cxd4 Nb6 15. Re1 Bg4 16. h3 Bh5 17. Re3 Bg6 18. Ne5 Nd7 19. Nxg6 hxg6 20. Qb3 Rab8 21. e5 Nb6 22. e6 Nd5 23. exf7+ Qxf7 24. Rf3 Qe8 25. Re3 Qf7 26. Rf3 Qe8 27. Re3 1/2-1/2

[Event "FIDE Open Sachove Univerzity QCC"]
[Site "Ceske Budejovice"]
[Date "2020.07.10"]
[Round "4.20"]
[White "Zezula, Jakub"]
[Black "Cipera, Josef"]
[Result "0-1"]
[ECO "B41"]
[WhiteElo "1449"]
[BlackElo "1612"]
[Annotator "NA RC"]
[PlyCount "86"]
[EventDate "2020.07.01"]
[EventType "swiss"]
[EventCountry "CZE"]
[TimeControl "40/5400+30:1800+30"]

1. e4 c5 2. Nf3 a6 3. d4 cxd4 4. Nxd4 d6 5. c4 Nf6 6. Nc3 e6 7. Be3 Be7 8. Be2 Nbd7 9. O-O O-O 10. Qd2 Nc5 11. f3 Qc7 12. Rac1 b6 13. b3 Bb7 14. Bg5 Qd8 15. Rfd1 Ne8 16. Bxe7 Qxe7 17. Nc2 Rd8 18. e5 Ba8 19. b4 Nb7 20. Qe3 dxe5 21. Qxb6 Nf6 22. Qxa6 Nd6 23. c5 Nf5 24. Rxd8 Rxd8 25. Rd1 Nd4 26. Nxd4 exd4 27. Nb5 e5 28. c6 Nd5 29. c7 Nxc7 30. Nxc7 Qxc7 31. b5 Rb8 32. a4 Qc5 33. Kf1 e4 34. fxe4 Bxe4 35. Bf3 Ra8 36. Qxa8+ Bxa8 37. Bxa8 Qc4+ 38. Ke1 Qxa4 39. Bc6 Qb4+ 40. Ke2 Qe7+ 41. Kd3 Qe3+ 42. Kc2 Qc3+ 43. Kb1 d3 0-1